 Dungeon Crawl Stone Soup version 0.28-a0-834-g1a73be5ee4 (webtiles) character file.

Game seed: 7922521648783729511

142 Zenkrye the Twirler (level 5, -5/41 HPs)
             Began as a Formicid Fighter on Nov 11, 2021.
             Was an Initiate of Okawaru.
             Killed by divine providence
             ... invoked by an orc priest
              (12 damage)
             ... on level 4 of the Dungeon.
             The game lasted 00:05:12 (2665 turns).

Zenkrye the Twirler (Formicid Fighter)              Turns: 2665, Time: 00:05:12

Health: -5/41      AC:  9    Str: 21    XL:     5   Next: 49%
Magic:  5/5        EV:  7    Int:  8    God:    Okawaru [......]
Gold:   161        SH:  4    Dex: 10    Spells: 4/4 levels left

rFire   . . .      SeeInvis +   a - +0 quarterstaff
rCold   . . .      Faith    .   c - +0 buckler
rNeg    . . .      Spirit   .   k - +0 chain mail
rPois   .          Reflect  .   (helmet unavailable)
rElec   .          Harm     .   (no cloak)
rCorr   .          Rampage  .   (no gloves)
Will    .....                   (no boots)
Stlth   ..........              (no amulet)
HPRegen 0.13/turn               (no ring)
MPRegen 0.09/turn               (no ring)

@: no status effects
A: permanent stasis, dig shafts and tunnels, antennae 3, four strong arms
a: Dig, Shaft Self, Renounce Religion


You were on level 4 of the Dungeon.
You worshipped Okawaru.
Okawaru was noncommittal.
You visited 1 branch of the dungeon, and saw 4 of its levels.

You collected 161 gold pieces.

Inventory:

Hand Weapons
 a - a +0 quarterstaff (weapon)
Missiles
 l - 3 boomerangs (quivered)
Armour
 b - a +0 scale mail
 c - a +0 buckler (worn)
 k - a +0 chain mail (worn)
Wands
 f - a wand of acid (19) {@v2}
Scrolls
 i - a scroll of identify {@r1}
 m - a scroll of brand weapon {unknown}
Potions
 d - a potion of might {@q4}
 e - a potion of mutation
 g - a potion of cancellation
 h - a potion of flight {unknown}
 j - 2 potions of curing {unknown}


   Skills:
 - Level 3.2 Fighting
 + Level 5.3 Staves
 - Level 3.2 Armour
 - Level 3.6 Shields


You had 4 spell levels left.
You didn't know any spells.
Your spell library contained the following spells:

 Spells                   Type           Power      Damage    Failure   Level
 Ensorcelled Hibernation  Hex/Ice        0%         N/A       99%         2
 Eringya's Noxious Bog    Tmut/Pois      0%         N/A       100%        6
 Tukima's Dance           Hex            Unusable   N/A       N/A         3
 Summon Forest            Summ/Tloc      Unusable   N/A       N/A         5
 Summon Hydra             Summ           Unusable   N/A       N/A         7

Dungeon Overview and Level Annotations

Branches:
Dungeon (4/15)
 Temple: D:4-7

Altars:
Okawaru

Shops:
D:4 :


Innate Abilities, Weirdness & Mutations

You cannot be hasted, slowed, berserked, paralysed or teleported.
You can dig through walls and to a lower floor.
You have a pair of large antennae on your head. (SInv)
Your four strong arms can wield two-handed weapons with a shield.


Message History

Things that are here:
a +0 club; an orc corpse You hit the orc priest but do no damage.
The orc priest closely misses you.
You barely miss the orc priest.
A kobold comes into view. It is wielding a +0 club.
The orc priest hits you but does no damage.
You closely miss the orc priest.
The orc priest hits you but does no damage.
An iguana comes into view.
The iguana hisses angrily.
You hit the orc priest.
The orc priest is lightly wounded.
The orc priest hits you but does no damage.
You hit the orc priest but do no damage.
The orc priest is lightly wounded.
The orc priest calls down the wrath of Beogh upon you.
Beogh smites you!
You are too injured to fight recklessly!
You are too injured to fight recklessly!
You barely miss the orc priest.
The orc priest is lightly wounded.
The orc priest looks braver for a moment.
You hit the orc priest but do no damage.
The orc priest is lightly wounded.
The orc priest hits you with a +0 dagger.
You closely miss the orc priest.
The orc priest is lightly wounded.
The orc priest closely misses you.
You hit the orc priest.
The orc priest is lightly wounded.
The orc priest invokes the aid of Beogh against you.
Pain shoots through your body!
* * * LOW HITPOINT WARNING * * *
The kobold hits you but does no damage.
You barely miss the orc priest.
The orc priest is lightly wounded.
The orc priest invokes the aid of Beogh against you.
Beogh smites you!
You die...

.. #...# ## #. #...#
..( #. #)..### ... #.#
#...... #.#
#####.###..##.# ...
...............
#.#######.......##.#
#.o..# #....#####)#
#lK@.# #...........
#...)# #...........
#.#....####...........
...........'...........
.#.#.....###...........
#.#.#+#.# #...........
# #. #.# #...........
#. #.# #...#....... #.#
##########..


You could see an iguana, an orc priest and a kobold.

Vanquished Creatures
  A water moccasin zombie (D:3)
  2 adders
  2 dart slugs
  3 orcs
  4 ball pythons
  6 bats
  5 endoplasms
  2 giant cockroaches
  5 goblins
  5 hobgoblins
  4 jackals
  7 kobolds
  2 quokkas
  4 frilled lizards (D:1)
  7 rats
59 creatures vanquished.

Notes
Turn   | Place    | Note
-------+----------+-------------------------------------------
     0 | D:1      | Zenkrye the Formicid Fighter began the quest for the Orb.
     0 | D:1      | Reached XP level 1. HP: 18/18 MP: 1/1
    87 | D:1      | Reached XP level 2. HP: 24/24 MP: 2/2
   119 | D:1      | Found a faded altar of an unknown god.
   194 | D:1      | Reached skill level 3 in Staves
   264 | D:1      | Reached XP level 3. HP: 26/29 MP: 3/3
  1497 | D:2      | Reached skill level 4 in Staves
  1497 | D:2      | Reached XP level 4. HP: 35/35 MP: 4/4
  2132 | D:3      | Noticed an ogre
  2426 | D:3      | Reached skill level 5 in Staves
  2426 | D:3      | Reached XP level 5. HP: 36/41 MP: 5/5
  2607 | D:4      | Found Sekhiosh's Book Shop.
  2615 | D:4      | Found an iron altar of Okawaru.
  2624 | D:4      | Became a worshipper of Warmaster Okawaru
  2665 | D:4      | Killed from afar by an orc priest

Illustrated notes

Levels and vault maps discovered:
D:1:      matt_arrival_grand_opening, layout_rooms, basic_ecumenical_altar
D:2:      layout_basic
D:3:      layout_rooms
D:4:      layout_basic, mainiacjoe_overflow_tiny_flanked,
          minmay_temple_entry_butterflies, ebering_ghost_sewer_f,
          minmay_misc_feat_ornament, nicolae_stop_n_shop_2, grunt_ministairs_6,
          minmay_diced_spiral

Skill      XL: |  1  2  3  4 |
---------------+-------------+-----
Staves         | 3 4 5 |  5.3
Fighting       | |  3.2
Armour         | |  3.2
Shields        | |  3.6

Action                   |  1- 3 |  4- 6 || total
-------------------------+-------+-------++-------
Melee: Quarterstaff      |   111 |    82 ||   193
Throw: Boomerang         |       |     1 ||     1
  Use: Scroll            |     2 |     1 ||     3
Armor: Scale mail        |    43 |    34 ||    77
       Chain mail        |       |     8 ||     8
Dodge: Dodged            |    64 |    31 ||    95
Block: Buckler           |    41 |    21 ||    62

Table legend: (Time is in decaauts)
 A = Elapsed time spent in this place.
 B = Non-inter-level travel time spent in this place.
 C = Inter-level travel time spent in this place.
 D = Time resting spent in this place.
 E = Time spent auto-exploring this place.
 F = Levels seen in this place.
 G = Mean time per level.
                   A        B        C        D        E       F      G
               +--------+--------+--------+--------+--------+-----+--------+
         Total |   2687 |   2602 |     85 |    379 |   1725 |   4 |  671.8 |
       Dungeon |   2687 |   2602 |     85 |    379 |   1725 |   4 |  671.8 |
               +--------+--------+--------+--------+--------+-----+--------+

Top non-repeatable levels by time:
     D:2: 1263 daAuts
     D:1: 749 daAuts
     D:3: 615 daAuts
     D:4: 58 daAuts
